 Dungeon Crawl Stone Soup version 0.30.1-11-g7821555f0a (webtiles) character file.

Game seed: 10999265925483357881

94 jagang the Trooper (level 4, -2/37 HPs)
             Began as a Human Monk on Jan 3, 2024.
             Slain by a worm (8 damage)
             ... on level 3 of the Dungeon.
             The game lasted 00:03:49 (2236 turns).

jagang the Trooper (Human Monk)                     Turns: 2236, Time: 00:03:49

Health: -2/37      AC: 15    Str: 11    XL:     4   Next: 94%
Magic:  5/5        EV: -2    Int: 10    God:
Gold:   101        SH:  0    Dex: 18    Spells: 3/3 levels left

rFire   . . .        a - +0 falchion
rCold   . . .        d - orb {light}
rNeg    . . .        k - +0 crystal plate armour
rPois   .            (no helmet)
rElec   .            (no cloak)
rCorr   .            (no gloves)
SInv    .            (no boots)
Will    .....        (no amulet) Stlth
                     (no ring)
HPRegen 0.26/turn    (no ring)
MPRegen 0.09/turn

%: no passive effects
@: glowing
A: no striking features
a: no special abilities


You were on level 3 of the Dungeon.
You visited 1 branch of the dungeon, and saw 3 of its levels.

You collected 101 gold pieces.

Inventory:

Hand Weapons
 a - a +0 falchion (weapon)
Armour
 b - a +0 robe
 d - an orb of light (worn)
 k - a +0 crystal plate armour (worn)
Scrolls
 e - a scroll of poison {unknown}
 g - 2 scrolls of identify {unknown}
 h - 2 scrolls of amnesia {unknown}
 i - 2 scrolls of enchant armour {unknown}
 m - a scroll of torment {unknown}
 n - a scroll of noise {unknown}
Potions
 c - a potion of ambrosia
 f - a potion of brilliance {unknown}
 j - a potion of invisibility {unknown}
 l - a potion of curing {unknown}
 o - a potion of degeneration {unknown}


   Skills:
 * Level 3.7 Fighting
 * Level 3.6 Long Blades
 * Level 1.6 Armour
 - Level 3.0 Dodging
 + Level 1.1 Shields
 + Level 1.3 Invocations


You had 3 spell levels left.
You didn't know any spells.
Your spell library was empty.

Dungeon Overview and Level Annotations

Branches:
Dungeon (3/15)

Altars:
Elyvilon
Sif Muna
Xom

Shops:
D:2 =


Message History

Found a pink potion.
The worm bites you. The orc hits you but does no damage.
Things that are here:
a ball python corpse; a ball python corpse; a ball python corpse You are too injured to fight recklessly!
You are too injured to fight recklessly!
You are too injured to fight recklessly!
You are too injured to fight recklessly!
You hit the orc.
The orc is almost dead.
The orc hits you but does no damage. The worm bites you.
You hit the orc but do no damage.
The orc is almost dead.
The orc hits you but does no damage.
You hit the orc.
You kill the orc!
The worm bites you.
You hit the worm.
The worm is moderately wounded.
The worm bites you.
* * * LOW HITPOINT WARNING * * *
You completely miss the worm.
The worm is moderately wounded.
You slash the worm!
The worm is severely wounded.
The worm bites you but does no damage.
You hit the worm but do no damage.
The worm is heavily wounded.
The worm bites you!
* * * LOW HITPOINT WARNING * * *
You are too injured to fight recklessly!
You are too injured to fight recklessly!
You hit the worm.
The worm is heavily wounded.
The worm bites you but does no damage.
You hit the worm.
The worm is severely wounded.
You hit the worm.
The worm is severely wounded.
The worm bites you!
You die...

.#####.# #..# #.. #
.......# #..# .. .##
.......####..### .##..##
.......##......##...#...
....... #.#.............
....... #.#.............
....... #.#.......$.....
###.### ..#####..$......
.. .# ##@....... ..
##w...##.. .. #†)####
....!....# .###.....#
#.....# #.....# ......#
##.....#


You could see a worm.

Vanquished Creatures
  Jessica (D:3)
  An adder (D:2)
  2 dart slugs (D:1)
  An orc (D:3)
  8 endoplasms
  2 giant cockroaches
  A hobgoblin (D:1)
  5 jackals (D:2)
  4 kobolds
  A quokka (D:1)
  8 ball pythons
  5 bats
  4 frilled lizards
  11 rats
54 creatures vanquished.

Notes
Turn   | Place    | Note
-------+----------+-------------------------------------------
     0 | D:1      | jagang the Human Monk began the quest for the Orb.
     0 | D:1      | Reached XP level 1. HP: 18/18 MP: 1/1
   152 | D:1      | Reached XP level 2. HP: 24/24 MP: 2/2
   424 | D:1      | Reached XP level 3. HP: 29/29 MP: 3/3
   730 | D:2      | Reached skill level 1 in Armour
  1061 | D:2      | Found Lenaih's Jewellery Boutique.
  1117 | D:2      | Reached skill level 1 in Invocations
  1524 | D:2      | Found a shimmering altar of Xom.
  1569 | D:2      | Reached XP level 4. HP: 35/35 MP: 4/4
  2101 | D:3      | Noticed Jessica
  2114 | D:3      | Killed Jessica
  2115 | D:3      | Reached skill level 1 in Shields
  2144 | D:3      | Identified the +6 scale mail "Juassia" {Harm rPois rC-
                  | Dex+2}
  2158 | D:3      | Found a shimmering blue altar of Sif Muna.
  2158 | D:3      | Found a white marble altar of Elyvilon.
  2236 | D:3      | Slain by a worm

Illustrated notes

Levels and vault maps discovered:
D:1:      ncdulo_watergridlock, layout_basic
D:2:      layout_basic, basic_altar, serial_shops, nicolae_shop_back_alley_shop
D:3:      layout_rooms, mainiacjoe_overflow_concentric_impassable,
          gammafunk_temple_overflow_pools, uniq_jessica

Skill      XL: |  1  2  3  4 |
---------------+-------------+-----
Armour         | 1 |  1.6
Invocations    | 1 |  1.3
Shields        | 1 |  1.1
Fighting       | |  3.7
Long Blades    | |  3.6
Dodging        | |  3.0

Action                     |  1- 3 |  4- 6 || total
---------------------------+-------+-------++-------
  Melee: Falchion          |    77 |    54 ||   131
 Armour: Robe              |     9 |       ||     9
         Crystal plate arm |    36 |    57 ||    93
  Dodge: Dodged            |    20 |       ||    20
